 Dungeon Crawl Stone Soup version 0.29.1-15-g9cfb28693d (webtiles) character file.

Game seed: 11635812527713885781

22394 Eitelfritz the Fencer (level 12, -3/97 HPs)
             Began as a Minotaur Gladiator on Apr 28, 2023.
             Was a High Priest of Hepliaklqana.
             Slain by a vampire (8 damage)
             ... on level 13 of the Dungeon.
             The game lasted 00:38:45 (16116 turns).

Eitelfritz the Fencer (Minotaur Gladiator)         Turns: 16116, Time: 00:38:46

Health: -3/97      AC:  3    Str: 26    XL:     12   Next: 62%
Magic:  15/15      EV: 13    Int:  9    God:    Hepliaklqana [*****.]
Gold:   925        SH:  0    Dex: 12    Spells: 11/11 levels left

rFire   + . .      SeeInvis .   a - +5 great sword
rCold   . . .      Faith    .   (shield currently unavailable)
rNeg    . . .      Spirit   .   l - +3 scale mail {rPois}
rPois   +          Reflect  .   c - +1 hat
rElec   .          Harm     .   m - +0 cloak
rCorr   .          Rampage  .   K - +0 pair of gloves
Will    .....                   x - +2 pair of boots
Stlth   ..........              (no amulet)
HPRegen 0.26/turn               k - +6 ring of strength
MPRegen 0.14/turn               D - ring of protection from fire

@: confused, corroded
A: reduced essence, horns 2, retaliatory headbutt
a: Renounce Religion, Recall Ancestor, Ancestor Identity, Transference, Idealise


You were on level 13 of the Dungeon.
You worshipped Hepliaklqana.
Hepliaklqana was extremely pleased with you.
You visited 2 branches of the dungeon, and saw 14 of its levels.

You collected 925 gold pieces.

Inventory:

Hand Weapons
 a - a +5 great sword (weapon)
 b - a +0 arbalest
 C - a +3 mace of freezing
 E - a +0 morningstar
 I - a +2 long sword
Missiles
 d - 5 throwing nets
 e - a javelin
 g - 31 poisoned darts (quivered)
Armour
 c - a +1 hat (worn)
 l - a +3 scale mail of poison resistance (worn)
 m - a +0 cloak (worn)
 x - a +2 pair of boots (worn)
 F - a +0 ring mail of willpower
 K - a +0 pair of gloves (worn)
Jewellery
 k - a +6 ring of strength (left hand)
 r - a ring of resist corrosion
 D - a ring of protection from fire (right hand)
 L - a ring of poison resistance
Wands
 v - a wand of charming (33)
 y - a wand of quicksilver (28)
Scrolls
 f - 5 scrolls of teleportation
 h - 3 scrolls of magic mapping
 i - 3 scrolls of blinking
 s - 3 scrolls of fear
 A - a scroll of poison
 B - a scroll of butterflies
 M - 2 scrolls of identify
Potions
 j - 6 potions of lignification
 n - 2 potions of cancellation
 o - 5 potions of curing
 p - 2 potions of mutation
 q - 3 potions of attraction {unknown}
 t - a potion of resistance
 u - 5 potions of degeneration {unknown}
 w - a potion of magic
 z - 2 potions of flight
 G - 2 potions of invisibility {unknown}
 J - 2 potions of might {unknown}


   Skills:
 + Level 10.7 Fighting
 + Level 15.7 Long Blades
 + Level 3.0 Ranged Weapons
 + Level 2.6 Throwing
 + Level 10.3 Armour
 + Level 7.7 Dodging
 + Level 6.4 Stealth
 - Level 6.0 Invocations


You had 11 spell levels left.
You didn't know any spells.
Your spell library contained the following spells:

 Spells                   Type           Power      Damage    Failure   Level
 Freeze                   Ice            0%         1d3       63%         1
 Frozen Ramparts          Ice            0%         1d1       94%         3
 Ozocubu's Armour         Ice            0%         N/A       94%         3
 Portal Projectile        Hex/Tloc       0%         N/A       94%         3
 Tukima's Dance           Hex            0%         N/A       94%         3
 Corpse Rot               Necr/Pois/Air  0%         N/A       100%        4
 Dispel Undead            Necr           0%         3d6       100%        4
 Hailstorm                Conj/Ice       0%         3d3       100%        4
 Petrify                  Tmut/Erth      0%         N/A       100%        4
 Blade Hands              Tmut           0%         N/A       100%        5
 Metabolic Englaciation   Hex/Ice        0%         N/A       100%        5
 Death Channel            Necr           0%         N/A       100%        6
 Simulacrum               Ice/Necr       0%         N/A       100%        6
 Statue Form              Tmut/Erth      0%         N/A       100%        6
 Malign Gateway           Summ/Tloc      0%         N/A       100%        7
 Summon Horrible Things   Summ           0%         N/A       100%        8


Dungeon Overview and Level Annotations

Branches:
Dungeon (13/15)            Temple (1/1) D:7            Lair (0/5) D:9
    Orc (0/2) D:12
 Vaults: D:13-14

Altars:
Ashenzari
Cheibriados
Dithmenos
Elyvilon
Fedhas
Gozag
Hepliaklqana
Kikubaaqudgha
Makhleb
Nemelex Xobeh
Okawaru
Qazlal
Ru
Sif Muna
Trog
Uskayaw
Vehumet
Wu Jian
Xom
Yredelemnul
Zin
The Shining One
Jiyva


Innate Abilities, Weirdness & Mutations

Your life essence is reduced to manifest your ancestor. (-10% HP)
You have a pair of horns on your head.
You reflexively headbutt those who attack you in melee.


Message History

The rust devil hits you! The rust devil corrodes you!
You turn to flesh and can move again.
Unknown command.
You bump into the rock wall.
The kobold closely misses you.
The kobold demonologist gestures wildly while chanting. x2
Something hits you! Something bites you!
Something draws strength from your injuries!
The basilisk bites you!
The crimson imp blinks!
The rust devil closely misses you.
Unknown command.
You are too confused!
Unknown command.
Unknown command.
You bump into the rock wall.
The kobold hits you but does no damage. The kobold demonologist misses you.
Something hits you. Something bites you!
* * * LOW HITPOINT WARNING * * *
Something draws strength from your injuries!
The basilisk bites you.
* * * LOW HITPOINT WARNING * * *
The shadow imp lashes its tail.
The rust devil hits you. The rust devil corrodes you!
Unknown command.
You bump into the rock wall.
The kobold hits you with a +0 dagger.
* * * LOW HITPOINT WARNING * * *
The kobold demonologist barely misses you.
Something hits you but does no damage. Something bites you.
* * * LOW HITPOINT WARNING * * *
Something draws strength from your injuries!
The basilisk gazes at you. You resist with some effort.
The rust devil hits you.
* * * LOW HITPOINT WARNING * * *
The rust devil corrodes you!
Unknown command.
You barely miss the rust devil. The basilisk barely misses you.
The kobold hits you with a +0 dagger.
* * * LOW HITPOINT WARNING * * *
The kobold demonologist begins to cast a cantrip, but forgets the words!
The kobold demonologist completely misses you.
Something hits you!
You die...

# #.......##.....# #
#>......##.....#
............#.....#
.###^.............#
.. #.......##.....#
#. ........##.....#
###. #
####...###.##3##....
# ###. ...##4#..# #
#...###K@K># #.#.
#l.### # # #KK# 545#
..... ###.#. #. # #.


You could see a rust devil (summoned), 2 kobold demonologists, a basilisk, a
neqoxec (summoned), a red devil (summoned), a quasit (summoned), a shadow imp
(summoned) and 2 kobolds.

Vanquished Creatures
  2 boulder beetles (D:12)
  Harold (D:10)
  2 two-headed ogres
  Nergalle (D:11)
  2 manticores
  A cyclops (D:13)
  2 gargoyles (D:8)
  An unseen horror (D:11)
  A kobold demonologist (D:13)
  A troll (D:12)
  2 hornets
  A shadow (D:11)
  2 wraiths
  A water elemental (D:12)
  27 yaks
  2 steam dragons (D:8)
  7 vampire mosquitoes
  3 water moccasins
  3 ice beasts
  2 sky beasts
  2 black bears (D:6)
  3 orc warriors
  An ogre (D:7)
  3 centaurs
  A lemure (D:8)
  A kobold brigand (D:10)
  Blork the orc (D:5)
  5 bullfrogs
  3 necrophages
  2 gnoll sergeants
  3 scorpions (D:5)
  11 wights
  A killer bee (D:8)
  A vampire bat (D:4)
  4 electric eels (D:12)
  A howler monkey (D:8)
  2 hounds
  A gnoll bouda (D:4)
  3 jellies
  8 orc priests
  A hexer (D:9)
  3 iguanas
  11 orc wizards
  12 gnolls
  7 adders
  2 shadow imps
  A white imp (D:8)
  An ufetubus (D:6)
  4 worms
  3 dart slugs
  3 fire bats (D:4)
  37 orcs
  2 spectral bats (D:4)
  3 bat skeletons (D:4)
  A bat zombie (D:4)
  7 endoplasms
  A giant cockroach (D:3)
  8 goblins
  5 hobgoblins
  8 jackals
  11 kobolds
  3 quokkas
  4 ball pythons
  12 bats
  A bat simulacrum (D:4)
  3 frilled lizards
  5 rats
280 creatures vanquished.

Vanquished Creatures (collateral kills)
  A boulder beetle (D:12)
  A tengu warrior (D:13)
  Pikel (D:8)
  An ugly thing (D:12)
  Joseph (D:7)
  A gargoyle (D:12)
  2 unseen horrors
  A komodo dragon (D:11)
  A tengu conjurer (D:13)
  Grinder (D:6)
  A yak (D:8)
  2 steam dragons (D:9)
  Edmund (D:5)
  An ice beast (D:8)
  5 orc warriors (D:12)
  2 lemures (D:8)
  2 centaurs
  A kobold brigand (D:8)
  3 bullfrogs
  A necrophage (D:6)
  4 wights
  4 electric eels
  A howler monkey (D:8)
  An orc priest (D:10)
  8 orc wizards
  A gnoll (D:9)
  A shadow imp (D:8)
  11 orcs
  A jackal (D:5)
  A kobold (D:8)
63 creatures vanquished.

Vanquished Creatures (others)
  A yak (D:9)
  An acid dragon (D:12)
  An orc priest (D:9)
  9 hexers
  An ancestor (D:5)
  An orc (D:9)
  2 plants (D:9)
16 creatures vanquished.

Grand Total: 359 creatures vanquished

Notes
Turn   | Place    | Note
-------+----------+-------------------------------------------
     0 | D:1      | Eitelfritz the Minotaur Gladiator began the quest for the
                  | Orb.
     0 | D:1      | Reached XP level 1. HP: 18/18 MP: 0/0
   291 | D:1      | Reached XP level 2. HP: 25/25 MP: 1/1
   300 | D:1      | Reached skill level 4 in Long Blades
   760 | D:1      | Reached skill level 1 in Armour
   760 | D:1      | Reached XP level 3. HP: 9/30 MP: 2/2
  1771 | D:2      | Found a faded altar of an unknown god.
  2055 | D:3      | Reached XP level 4. HP: 31/37 MP: 3/3
  2187 | D:3      | Found a snail-covered altar of Cheibriados.
  2187 | D:3      | Found a white marble altar of Elyvilon.
  2187 | D:3      | Found a shadowy altar of Dithmenos.
  2188 | D:3      | Found a hazy altar of Hepliaklqana.
  2188 | D:3      | Found a burning altar of Makhleb.
  2200 | D:3      | Became a worshipper of Hepliaklqana the Forgotten
  2265 | D:3      | Found a shimmering blue altar of Sif Muna.
  2323 | D:3      | Found an ancient bone altar of Kikubaaqudgha.
  2325 | D:3      | Found a blossoming altar of Fedhas.
  2632 | D:4      | Noticed a necrophage
  2882 | D:3      | Reached skill level 5 in Long Blades
  3078 | D:3      | Killed a necrophage
  3079 | D:3      | Reached XP level 5. HP: 28/45 MP: 4/4
  3348 | D:4      | Reached skill level 1 in Stealth
  3538 | D:4      | Reached XP level 6. HP: 51/51 MP: 5/5
  3667 | D:4      | Reached skill level 6 in Long Blades
  4055 | D:4      | Reached skill level 5 in Dodging
  4374 | D:5      | Entered Level 5 of the Dungeon
  4374 | D:5      | Noticed a water moccasin
  4374 | D:5      | Found a bloodstained altar of Trog.
  4383 | D:5      | Killed a water moccasin
  4384 | D:5      | Reached XP level 7. HP: 23/59 MP: 6/6
  4647 | D:5      | Reached * piety under Hepliaklqana
  4697 | D:5      | Noticed Edmund
  4942 | D:5      | Killed Edmund
  4943 | D:5      | Reached skill level 7 in Long Blades
  5371 | D:5      | Reached XP level 8. HP: 38/60 MP: 7/7
  5512 | D:5      | Noticed Blork the orc
  5522 | D:5      | Killed Blork the orc
  5523 | D:5      | Reached skill level 5 in Fighting
  5523 | D:5      | You fall into a shaft and drop 1 floor!
  5672 | D:5      | Found a hide-covered altar of Uskayaw.
  5908 | D:5      | Reached ** piety under Hepliaklqana
  6177 | D:5      | Reached skill level 8 in Long Blades
  6411 | D:5      | Remembered your ancestor Xiuhtonal as a hexer
  6686 | D:6      | Reached skill level 5 in Armour
  7321 | D:6      | Noticed Grinder
  7324 | D:6      | Paralysed by Grinder for 3 turns
  7340 | D:6      | Reached skill level 9 in Long Blades
  7342 | D:6      | Killed Grinder
  7349 | D:6      | Reached XP level 9. HP: 58/67 MP: 8/8
  7444 | D:6      | Reached *** piety under Hepliaklqana
  7849 | D:7      | Reached skill level 10 in Long Blades
  7968 | D:7      | Noticed Joseph
  7977 | D:7      | Killed Joseph
  8218 | D:7      | Found a staircase to the Ecumenical Temple.
  8303 | Temple   | Entered the Ecumenical Temple
  8474 | D:8      | Reached skill level 11 in Long Blades
  8732 | D:8      | Reached XP level 10. HP: 70/77 MP: 9/9
  8785 | D:8      | Noticed a gargoyle
  8786 | D:8      | Noticed a gargoyle
  8861 | D:8      | Killed a gargoyle
  8883 | D:8      | Killed a gargoyle
  9266 | D:8      | Noticed Pikel
  9278 | D:8      | Paralysed by a hornet for 3 turns
  9286 | D:8      | Reached skill level 12 in Long Blades
  9286 | D:8      | Reached skill level 5 in Stealth
  9291 | D:8      | Killed Pikel
  9613 | D:8      | Reached **** piety under Hepliaklqana
 10032 | D:8      | Reached skill level 1 in Invocations
 10603 | D:9      | Reached XP level 11. HP: 49/82 MP: 11/11
 11590 | D:9      | Found a staircase to the Lair.
 11828 | D:10     | Entered Level 10 of the Dungeon
 11912 | D:10     | Reached skill level 13 in Long Blades
 12024 | D:10     | Noticed a two-headed ogre
 12024 | D:10     | Noticed Harold
 12066 | D:10     | Killed Harold
 12097 | D:10     | Killed a two-headed ogre
 12465 | D:10     | Reached skill level 14 in Long Blades
 12508 | D:10     | Found a basalt altar of Yredelemnul.
 12510 | D:10     | Found an ornate altar of the Wu Jian Council.
 12513 | D:10     | Found a glowing silver altar of Zin.
 12690 | D:11     | Noticed Nergalle
 12713 | D:11     | Killed Nergalle
 13011 | D:11     | Noticed a two-headed ogre
 13018 | D:11     | Killed a two-headed ogre
 13155 | D:11     | Reached skill level 5 in Invocations
 13659 | D:11     | Reached XP level 12. HP: 79/95 MP: 14/14
 13742 | D:12     | Reached ***** piety under Hepliaklqana
 13744 | D:12     | Noticed a boulder beetle
 13754 | D:12     | Killed a boulder beetle
 13755 | D:12     | Reached skill level 1 in Ranged Weapons
 14259 | D:12     | Reached skill level 10 in Fighting
 14271 | D:12     | Reached skill level 10 in Armour
 14381 | D:12     | Identified the +1 leather armour of Abstinence {Int+3}
 14391 | D:12     | Noticed a boulder beetle
 14395 | D:12     | Reached skill level 15 in Long Blades
 14420 | D:12     | Killed a boulder beetle
 14486 | D:12     | Noticed a boulder beetle
 14513 | D:12     | Killed a boulder beetle
 14668 | D:12     | HP: 4/96 [manticore (8)]
 15673 | D:12     | Found a staircase to the Orcish Mines.
 15874 | D:13     | Noticed a tengu warrior
 15887 | D:13     | Killed a tengu warrior
 16062 | D:13     | Noticed an eight-headed hydra
 16070 | D:13     | Noticed a five-headed hydra
 16116 | D:13     | Slain by a vampire

Illustrated notes

Levels and vault maps discovered:
D:1:      evilmike_arrival_rings, layout_basic, minmay_tetromino_s4
D:2:      layout_basic, hellmonk_ecumenical_altar_heavens_door
D:3:      layout_loops_ring, grunt_temple_overflow_growth_and_decay,
          grunt_temple_overflow_open, mainiacjoe_overflow_brackets
D:4:      layout_cave_pools, kennysheep_path_1, goddamned_bats
D:5:      layout_layer_cave, mainiacjoe_overflow_chevrons,
          mainiacjoe_overflow_boulevard, kennysheep_generic_room_8,
          uniq_blork_the_orc, uniq_edmund
D:6:      layout_layer_cave, kennysheep_generic_room_13, uniq_grinder
D:7:      layout_cave_pools, minmay_temple_entry_enclosed_plants,
          kennysheep_generic_room_5, uniq_joseph
D:8:      kennysheep_windowed_halls, layout_rooms, serial_co_window_serial,
          co_window_paths_b, co_window_paths_a, co_window_of_opportunity_a,
          co_window_paths_a, co_window_of_opportunity_a, co_window_corner_a,
          co_window_paths_b, co_window_corner_cb, co_window_paths_c,
          co_window_corner_cb, co_window_cross_3, co_window_of_opportunity_b,
          co_window_cross_4, glass_columns_a, glass_columns_b, minmay_bent,
          uniq_pikel
D:9:      layout_small_grid, dpeg_oklobed_lair, serial_bayou_pond_b,
          chequers_serial_rivers_large_a, roderic_nine_men_s_morris
D:10:     layout_basic, minitemple, chequers_serial_rivers_small_b, uniq_harold
D:11:     layout_basic, uniq_nergalle
D:12:     layout_basic, david_orc_4
D:13:     gammafunk_corrupted_shrine, layout_rooms, david_vaults_4,
          kb_tengu_band
Temple:   pf_slimified_temple

Skill      XL: |  1  2  3  4  5  6  7  8  9 10 11 12 |
---------------+-------------------------------------+-----
Long Blades    | 4 5 6 7 9 11 12 14 15 | 15.7
Armour         | 1 2 3 6 7 8 9 10 | 10.3
Dodging        | 4 5 6 7 |  7.7
Fighting       | 3 4 6 7 8 9 10 | 10.7
Stealth        | 1 2 4 5 6 |  6.4
Invocations    | 2 5 6 |  6.0
Ranged Weapons | 3 |  3.0
Throwing       | |  2.6

Action                   |  1- 3 |  4- 6 |  7- 9 | 10-12 || total
-------------------------+-------+-------+-------+-------++-------
Melee: Long sword        |    83 |   112 |   230 |    88 ||   513
       Headbutt          |    18 |    16 |    50 |   104 ||   188
       Punch             |       |     1 |     1 |     6 ||     8
       Falchion          |       |       |       |    93 ||    93
       Great sword       |       |       |       |   287 ||   287
 Fire: Shortbow          |       |       |       |    35 ||    35
       Arbalest          |       |       |       |     2 ||     2
Throw: Throwing net      |       |       |     1 |     1 ||     2
       Dart              |       |       |       |     6 ||     6
Invok: Recall Ancestor   |       |       |     2 |     1 ||     3
       Ancestor Life: He |       |       |     1 |       ||     1
  Use: Scroll            |       |    18 |     5 |     3 ||    26
       Potion            |       |     2 |     2 |     5 ||     9
 Stab: Sleeping          |     2 |     3 |       |       ||     5
       Distracted        |       |       |     6 |     8 ||    14
       Confused          |       |       |     5 |    14 ||    19
       Held in net/web   |       |       |     1 |       ||     1
Armor: Leather armour    |    12 |    67 |     8 |       ||    87
       Scale mail        |       |       |    90 |   242 ||   332
Dodge: Dodged            |    56 |   151 |   155 |   284 ||   646
